 Seeded DCSS version 0.29-a0-923-g6e406bff71 (webtiles) character file.

Game seed: 5193001383543651861 (custom seed)

1359 mathmaestro the Scholar of Death (level 8, -1/60 (64) HPs)
             Began as a Demonspawn Necromancer on July 27, 2022.
             Was a Follower of Kikubaaqudgha.
             Slain by a wight
             ... wielding a +3 flail
              (6 damage)
             ... on level 7 of the Dungeon.
             The game lasted 00:13:53 (7058 turns).

mathmaestro the Scholar of Death (DsNe)             Turns: 7058, Time: 00:13:54

HP:   -1/60 (64)    AC:  6    Str:  8    XL:     8   Next: 37%
MP:   6/15          EV: 11    Int: 26    God:    Kikubaaqudgha [*.....]
Gold: 315           SH:  6    Dex: 13    Spells: 2/17 levels left

rFire   . . .      SeeInvis .   e - +4 short sword (drain)
rCold   + . .      Faith    .   w - +2 buckler
rNeg    . . .      Spirit   .   k - +1 leather armour
rPois   .          Reflect  .   (no helmet)
rElec   .          Harm     .   (no cloak)
rCorr   .          Rampage  .   (no gloves)
Will    .....                   (no boots)
Stlth   ++........              (no amulet)
HPRegen 0.20/turn               c - +6 ring of intelligence
MPRegen 0.14/turn               j - ring of protection from cold

@: weak-willed, drained
A: hooves 2, rugged brown scales 2, powered by death 1
a: Renounce Religion, Unearth Wretches


You were on level 7 of the Dungeon.
You worshipped Kikubaaqudgha.
Kikubaaqudgha was aware of your devotion.
You visited 1 branch of the dungeon, and saw 7 of its levels.
You also visited: Sewer.

You collected 315 gold pieces.

Inventory:

Hand Weapons
 e - a +4 short sword of draining (weapon)
 f - the +7 staff of the Meek {protect, meekguard}
   (You found it on level 3 of the Dungeon)

   It grants its wielder temporary protection when it strikes (+7 to AC).
   It provides extra protection to wielders with little health.
 v - a +1 spectral hand axe
Missiles
 o - 13 boomerangs
Armour
 k - a +1 leather armour (worn)
 w - a +2 buckler (worn)
Jewellery
 c - a +6 ring of intelligence (left hand)
 j - a ring of protection from cold (right hand)
Wands
 r - a wand of mindburst (3)
Scrolls
 a - 3 scrolls of teleportation
 g - 2 scrolls of immolation
 u - a scroll of enchant armour
 x - a scroll of summoning
Potions
 b - 3 potions of magic
 d - 2 potions of resistance
 h - 4 potions of might
 i - 8 potions of curing
 l - 3 potions of lignification
 n - a potion of heal wounds {unknown}
 p - a potion of mutation {unknown}
 q - 3 potions of haste
 s - 2 potions of brilliance {unknown}
 z - 2 potions of flight {unknown}


   Skills:
 + Level 4.9 Fighting
 + Level 4.1 Armour
 - Level 2.0 Dodging
 - Level 2.0 Stealth
 + Level 1.0 Shields
 + Level 5.0 Spellcasting
 + Level 7.1 Necromancy


You had 2 spell levels left.
You knew the following spells:

 Your Spells              Type           Power      Damage    Failure   Level
a - Necrotise             Necr           100%       1d9       1%          1
b - Vampiric Draining     Necr           43%        2d9       2%          3
c - Animate Dead          Necr           43%        N/A       8%          4
d - Agony                 Necr           43%        N/A       22%         5
e - Sublimation of Blood  Necr           43%        N/A       1%          2

Your spell library contained the following spells:

 Spells                   Type           Power      Damage    Failure   Level
 Slow                     Hex            24%        N/A       14%         1
 Anguish                  Hex/Necr       12%        N/A       32%         4
 Call Canine Familiar     Summ           6%         N/A       41%         3
 Confusing Touch          Hex            6%         N/A       41%         3
 Portal Projectile        Hex/Tloc       12%        N/A       41%         3
 Leda's Liquefaction      Hex/Erth       3%         N/A       82%         4


Dungeon Overview and Level Annotations

Branches:
Dungeon (7/15)              Sewer (visited)
 Temple: D:4-7

Altars:
Fedhas
Hepliaklqana
Kikubaaqudgha
Makhleb
Okawaru
Ru
Sif Muna
Wu Jian
Yredelemnul


Innate Abilities, Weirdness & Mutations

You have hoof-like feet.
You are mostly covered in rugged brown scales. (AC +2, +5% HP)
You regenerate a little health from kills.


Message History

You barely miss the wight. Your kick misses the wight.
The wight is heavily damaged.
The wight barely misses you.
You barely miss the wight. Your kick misses the wight.
The wight is heavily damaged.
You block the wight's attack.
You hit the wight but do no damage.
The wight is heavily damaged.
The wight hits you with a +3 flail! The wight hits you with a +3 flail.
You feel drained.
You hit the wight. Your kick misses the wight.
The wight is heavily damaged.
The wight hits you but does no damage.
You hit the wight.
The wight is heavily damaged.
The wight misses you.
You barely miss the wight. You kick the wight, but do no damage.
The wight is heavily damaged.
The wight closely misses you.
You hit the wight but do no damage. You kick the wight, but do no damage.
The wight is heavily damaged.
The wight hits you with a +3 flail!
* * * LOW HITPOINT WARNING * * *
You feel drained.
* * * LOW HITPOINT WARNING * * *
You closely miss the wight.
The wight is heavily damaged.
The wight closely misses you.
You hit the wight.
The wight is severely damaged.
The wight closely misses you. The wight barely misses you.
You hit the wight. You kick the wight.
The wight is almost destroyed.
The wight hits you with a +3 flail.
* * * LOW HITPOINT WARNING * * *
You barely miss the wight.
The wight is almost destroyed.
The wight hits you with a +3 flail.
You die...
Kikubaaqudgha rasps: "You have failed me!
Welcome... death!"

........######.#
...............#
........########
...........#
........<#.#
##########.#
#....#
...#####.####.#
......z@†.......
...#####.####.#.
#.# #.# #.. ###


You could see a wight.

Vanquished Creatures
  A steam dragon (D:6)
  A sky beast (D:5)
  An ogre (D:4)
  A phantom (D:6)
  2 kobold brigands (Sewer)
  2 bullfrogs
  A gnoll sergeant (D:6)
  A scorpion (D:5)
  3 orc priests
  2 hounds
  Terence (D:3)
  2 orc wizards (D:5)
  2 iguanas (D:5)
  7 gnolls (D:6)
  6 adders
  2 river rats (Sewer)
  7 worms
  A dart slug (D:3)
  23 orcs
  7 ball pythons
  7 bats
  12 endoplasms
  8 goblins
  9 hobgoblins
  8 jackals
  12 kobolds
  7 quokkas
  3 frilled lizards
  6 rats
145 creatures vanquished.

Vanquished Creatures (collateral kills)
  A frilled lizard (D:1)
1 creature vanquished.

Vanquished Creatures (others)
  A gnoll zombie (D:6)
  5 orc zombies
6 creatures vanquished.

Grand Total: 152 creatures vanquished

Notes
Turn   | Place    | Note
-------+----------+-------------------------------------------
     0 | D:1      | mathmaestro the Demonspawn Necromancer began the quest for
                  | the Orb.
     0 | D:1      | Reached XP level 1. HP: 13/13 MP: 3/3
   220 | D:1      | Found a faded altar of an unknown god.
   231 | D:1      | Gained mutation: You have large cloven feet. [demonic
                  | ancestry]
   231 | D:1      | Reached XP level 2. HP: 17/20 MP: 5/5
   613 | D:1      | Reached skill level 1 in Fighting
   829 | D:1      | Gained mutation: You are partially covered in rugged brown
                  | scales. (AC +1, +3% HP) [demonic ancestry]
   829 | D:1      | Reached XP level 3. HP: 17/26 MP: 3/6
  1024 | D:1      | Learned a level 3 spell: Vampiric Draining
  1828 | D:2      | Reached XP level 4. HP: 32/32 MP: 4/7
  1837 | D:2      | Learned a level 4 spell: Animate Dead
  1936 | D:2      | Reached skill level 5 in Necromancy
  1993 | D:3      | Reached skill level 1 in Armour
  1994 | D:3      | Found the +7 staff of the Meek {protect, meekguard}
  2202 | D:3      | Found a glowing drain.
  2209 | D:3      | Noticed Terence
  2221 | D:3      | Killed Terence
  2222 | D:3      | Gained mutation: You are mostly covered in rugged brown
                  | scales. (AC +2, +5% HP) [demonic ancestry]
  2222 | D:3      | Reached XP level 5. HP: 30/39 MP: 3/9
  2227 | Sewer    | Entered a sewer
  2856 | Sewer    | Gained mutation: You have hoof-like feet. [demonic
                  | ancestry]
  2856 | Sewer    | Reached XP level 6. HP: 48/48 MP: 9/11
  3384 | D:3      | Found a blossoming altar of Fedhas.
  3478 | D:3      | Found a sacrificial altar of Ru.
  3566 | D:3      | Found an ancient bone altar of Kikubaaqudgha.
  3566 | D:3      | Found a burning altar of Makhleb.
  3569 | D:3      | Became a worshipper of Kikubaaqudgha
  3751 | D:4      | Reached skill level 6 in Necromancy
  3751 | D:4      | Reached XP level 7. HP: 23/54 MP: 7/12
  4008 | D:4      | Found a shimmering blue altar of Sif Muna.
  4033 | D:4      | Found a basalt altar of Yredelemnul.
  4033 | D:4      | Found a hazy altar of Hepliaklqana.
  4892 | D:5      | Entered Level 5 of the Dungeon
  6217 | D:6      | Learned a level 5 spell: Agony
  6342 | D:6      | Gained mutation: You regenerate a little health from kills.
                  | [demonic ancestry]
  6342 | D:6      | Reached XP level 8. HP: 10/64 MP: 4/14
  6351 | D:6      | Reached * piety under Kikubaaqudgha
  6351 | D:6      | Received a gift from Kikubaaqudgha
  6442 | D:6      | Learned a level 2 spell: Sublimation of Blood
  6663 | D:6      | Found an iron altar of Okawaru.
  6782 | D:6      | Reached skill level 7 in Necromancy
  6838 | D:6      | Found an ornate altar of the Wu Jian Council.
  6870 | D:6      | Identified the +0 trident of True Grit {elec, Contam rCorr
                  | Int+6}
  6978 | D:6      | You fall into a shaft and drop 1 floor!
  7043 | D:7      | Reached skill level 1 in Shields
  7043 | D:7      | Reached skill level 5 in Spellcasting
  7058 | D:7      | Slain by a wight

Illustrated notes

Levels and vault maps discovered:
D:1:      amcnicky_arrival_gap_in_the_tavern_cellar, layout_rooms,
          shapermc_ecumenical_altar_notcrosses
D:2:      layout_loops_ring
D:3:      layout_basic, nicolae_ru_awakened_eye, mainiacjoe_overflow_alcove_4,
          gammafunk_temple_overflow_elements, cheibrodos_sewer_entry_drain,
          pf_guarded_unrand_meek, uniq_terence
D:4:      layout_basic, nicolae_overflow_hidden_temple,
          nicolae_overflow_two_pavilions, kennysheep_generic_room_16
D:5:      layout_basic
D:6:      layout_gridville, mainiacjoe_overflow_surrounded_room, kennysheep_mini
D:7:      layout_basic, minmay_temple_entry_hall, enter_ossuary_3

Skill      XL: |  1  2  3  4  5  6  7  8 |
---------------+-------------------------+-----
Stealth        | 2 |  2.0
Dodging        | 2 |  2.0
Fighting       | 1 2 3 4 |  4.9
Necromancy     | 5 6 7 |  7.1
Armour         | 1 2 3 4 |  4.1
Spellcasting   | 3 4 5 |  5.0
Shields        | 1 |  1.0

Action                   |  1- 3 |  4- 6 |  7- 9 || total
-------------------------+-------+-------+-------++-------
Melee: Short sword       |    20 |    10 |    17 ||    47
       Punch             |     2 |       |       ||     2
       Kick              |     3 |    13 |    26 ||    42
       Quarterstaff      |       |    74 |   101 ||   175
 Cast: Necrotise         |    51 |    63 |     5 ||   119
       Vampiric Draining |       |     2 |    15 ||    17
       Animate Dead      |       |       |     4 ||     4
Evoke: Wand              |       |       |    11 ||    11
  Use: Scroll            |       |     5 |    11 ||    16
 Stab: Sleeping          |       |     3 |     1 ||     4
Armor: Robe              |     4 |       |       ||     4
       Leather armour    |     5 |    30 |    66 ||   101
Dodge: Dodged            |    14 |    52 |    78 ||   144
Block: Buckler           |       |       |     5 ||     5

Table legend: (Time is in decaauts)
 A = Elapsed time spent in this place.
 B = Non-inter-level travel time spent in this place.
 C = Inter-level travel time spent in this place.
 D = Time resting spent in this place.
 E = Time spent auto-exploring this place.
 F = Levels seen in this place.
 G = Mean time per level.
                   A        B        C        D        E       F      G
               +--------+--------+--------+--------+--------+-----+--------+
         Total |   7259 |   7015 |    244 |    953 |   4900 |   8 |  907.4 |
       Dungeon |   6114 |   5870 |    244 |    907 |   4025 |   7 |  873.4 |
         Sewer |   1145 |   1145 |      0 |     46 |    875 |   1 | 1145.0 |
               +--------+--------+--------+--------+--------+-----+--------+

Top non-repeatable levels by time:
     D:5: 1308 daAuts
     D:4: 1205 daAuts
   Sewer: 1145 daAuts
     D:1: 1043 daAuts
     D:2: 922 daAuts
     D:6: 819 daAuts
     D:3: 764 daAuts
     D:7: 49 daAuts
